 BcadrenCrawl: Boulder Brew version 0.05.4-70-gb0a8e951fc (webtiles) character file.

Game seed: 4895628017078187427, levelgen mode: deterministic

65 petercordia the Chopper (level 4, -2/35 HPs) Hill Orc Demonspawn. Began on June 9, 2022. Slain by a sewer rat (3 damage) ... on level 2 of the Dungeon. The game lasted 00:03:41 (1076 turns).

petercordia the Chopper (Hill Orc Demonspawn)       Turns: 1076, Time: 00:03:42

Health: -2/35      AC:  5    Str: 17    XL:     4 ^: 71
Magic:  6/6        EV: 13    Int: 12    God:
Gold:   37         SH:  0    Dex: 10    Spells: 4/5 levels left

rFire    . . .     Slash    x   a - +0 war axe
rCold    . . .     Pierce   .   (no weapon)
rNeg     . . .     Bludgeon .   b - +0 leather armour
rCorr    . . .     Vision   .   i - +0 helmet
rPois    .         Gourm    +   (no cloak)
rElec    .         Faith    .   (no gloves)
MR       .....     Spirit   .   j - +0 pair of boots
HPRegen  0.21/turn Reflect  .   n - amulet of the gourmand
MPRegen  0.16/turn Harm     .   (no ring)
Stlth    +.........             (no ring)

@: repel missiles
A: repulsion field, rot immunity, soft flesh
a: no special abilities


You were on level 2 of the Dungeon.
You were not hungry.

You visited 1 branch of the dungeon, and saw 2 of its levels.

You collected 37 gold pieces.

Inventory:

Weapons
 a - a +0 war axe (weapon) Shields
 c - a +0 targe
Armour
 b - a +0 leather armour (worn)
 i - a +0 helmet (worn)
 j - a +0 pair of boots (worn)
Jewellery
 n - an amulet of the gourmand (around neck)
Scrolls
 h - 2 scrolls of enchantment
 k - 2 scrolls of fear
 l - 2 scrolls of teleportation
Potions
 e - 3 potions of mutation
 f - 2 potions of haste
 g - a potion of poison
 m - a potion of cure mutation
Comestibles
 d - 2 rations


   Skills:
 + Level 1.4 Fighting
 + Level 3.8 Axes & Hammers
 + Level 1.0 Armour
 + Level 3.1 Dodging
 - Level 1.5 Stealth
 - Level 1.0 Spellcasting
 - Level 2.1 Fire Magic
   Level 3.6 Invocations


You had 4 spell levels left.
You knew the following spells:

 Your Spells              Type           Power        Failure   Level  Hunger
a - Flame Tongue          Fire           5 (30)       13%         1    28-48

Your spell library contained the following spells:

 Spells                   Type           Power        Failure   Level  Hunger
 Slow Hex 0 (100) 32% 1 28-48 Conjure Flame Fire 5 (100) 36% 3 108-168 Blink Tloc N/A 43% 2 68-108 Call Imp Summ 0 (100) 43% 2 68-108 Mephitic Cloud Pois/Air       0 (100)      67%         3    108-168


Dungeon Overview and Level Annotations

Branches:
Dungeon (2/8)

Altars:


Innate Abilities, Weirdness & Mutations

You are surrounded by a repulsion field. (RMsl, EV +1)
You are immune to rotting.
Your soft flesh is weak to deep cuts.
Heavy manmade armour will nullify this weakness. (rSlashing-)


Message History

* * * LOW HITPOINT WARNING * * *
Unknown command.
You closely miss the sewer rat. x2; You hit the sewer rat but do no damage.
The sewer rat is heavily wounded. (6/11) HP The sewer rat closely misses you.
The sewer rat bites you but does no damage.
The sewer rat barely misses you.
Unknown command.
Unknown command.
You slash the sewer rat (8)!
It is lacerated severely!
You kill the sewer rat!
You hear a splash.
Your Armour skill increases to level 1!
You have reached level 4!
Your demonic ancestry asserts itself...
You feel immune to rotting.
You barely miss the sewer rat. The sewer rat bites you (2).
* * * LOW HITPOINT WARNING * * *
The sewer rat bites you (3).
You die...

...≈≈.≈..†..PP
#≈≈≈≈.≈.≈.####
#≈≈≈≈..#...≈.#
#≈≈≈≈≈......#####
#≈≈≈≈≈......≈..≈###
#≈≈≈≈≈..#≈........##
#≈≈≈≈≈...........≈.##
#$≈≈≈≈....#........<#
#≈≈≈≈≈@#..#.....≈.≈≈#
..⌠≈≈≈r†#...≈..≈#≈..##
.#.≈≈≈≈..P..#########
#≈.≈≈.≈#PP##
#.≈≈≈≈.##≈#
#≈≈≈≈≈.#### #≈≈≈≈≈.#
#≈≈≈≈≈.#


You could see a submerged sewer rat.

Vanquished Creatures
  2 giant cockroaches
  A sewer rat (D:2)
  2 leopard geckos (D:1)
  6 bats (D:1)
  3 goblins (D:1)
  2 hobgoblins (D:1)
  2 ball pythons
  4 kobolds (D:1)
  6 rats (D:1)
28 creatures vanquished.

Vanquished Creatures (others)
  5 withered plants (D:2)
5 creatures vanquished.

Grand Total: 33 creatures vanquished

Notes
Turn   | Place    | Note
-------+----------+-------------------------------------------
     0 | D:1      | petercordia the Hill Orc Demonspawn began the quest for the
                  | Orb.
     0 | D:1      | Reached XP level 1. HP: 16/16 MP: 3/3
   147 | D:1      | Gained mutation: You are surrounded by a repulsion field.
                  | (RMsl, EV +1) [demonic ancestry]
   147 | D:1      | Reached XP level 2. HP: 23/23 MP: 4/4
   445 | D:1      | Reached XP level 3. HP: 28/28 MP: 5/5
  1074 | D:2      | HP: 1/28 [sewer rat (2)]
  1076 | D:2      | Reached skill level 1 in Armour
  1076 | D:2      | Gained mutation: You are immune to rotting. [demonic
                  | ancestry]
  1076 | D:2      | Reached XP level 4. HP: 2/35 MP: 6/6
  1076 | D:2      | Slain by a sewer rat

Levels and vault maps discovered:
D:1:      psy_arrival_spokes, layout_basic, serial_bayou_pond_e,
          minmay_misc_feat_roman, skrybe_limestone_x
D:2:      layout_sewer, elyvilon_niche, lightli_corner_chamber

Skill      XL: |  1  2  3 |
---------------+----------+-----
Axes & Hammers | 3 |  3.8
Dodging        | 3 |  3.1
Armour         | 1 |  1.0
Fighting       | |  1.4
Stealth        | |  1.5
Spellcasting   | |  1.0
Fire Magic     | |  2.1
Invocations    | |  3.6

Action                   |  1- 3 |  4- 6 || total
-------------------------+-------+-------++-------
Melee: War axe           |    45 |       ||    45
       Unarmed           |    21 |       ||    21
 Stab: Sleeping          |     3 |       ||     3
  Eat: Chunk             |    10 |       ||    10
Armor: Leather armour    |    21 |       ||    21
Dodge: Dodged            |    22 |       ||    22
